Map: Lightshade LE

Players

DisK

  • Race: Protoss Protoss

PiLiPiLi - Winner!

  • Race: Protoss Protoss

Event: DreamHack SC2 Masters 2021 Fall

VOD

Have the link to the VOD?

Description

Time

  • Played on: Aug. 3, 2021, 5:59 p.m.
  • Length: 6:40

All games in this series

Show
View Real Time Build Order
Export as new Build Order

DisK Protoss 

Build Orders: Phoenix Opening 

Get SALT Encoding   

  12  0:00  Probe  
  13  0:12  Probe  
  14  0:17  Pylon  
  14  0:24  Probe  
  15  0:35  Gateway  
  15  0:36  Probe (Chrono Boost)  
  16  0:45  Probe (Chrono Boost)  
  16  0:46  Assimilator  
  17  0:50  Probe (Chrono Boost)  
  17  0:54  Assimilator  
  18  1:03  Probe (Chrono Boost)  
  19  1:08  Gateway  
  20  1:12  Probe (Chrono Boost)  
  20  1:17  Probe (Chrono Boost)  
  20  1:24  Cybernetics Core  
  21  1:29  Probe  
  22  1:36  Pylon  
  22  1:41  Probe  
  23  1:54  Probe  
  24  2:01  Stalker x2  
  28  2:04  Warp Gate  
  28  2:06  Probe  
  29  2:12  Pylon  
  29  2:20  Probe  
  30  2:25  Pylon  
  32  2:37  Stalker x2  
  34  2:46  Probe  
  35  3:08  Nexus  
  35  3:10  Shield Battery  
  35  3:11  Sentry x2  
  39  3:17  Pylon  
  39  3:33  Probe  
  36  3:44  Twilight Council  
  36  3:45  Probe (Chrono Boost)  
  36  3:46  Forge  
  37  3:49  Phoenix  
  37  3:57  Probe (Chrono Boost)  
  37  3:59  Adept x2  
  37  4:02  Pylon  
  42  4:03  Probe (Chrono Boost)  
  43  4:12  Probe  
  44  4:23  Stalker  
  44  4:24  Stalker  
  44  4:28  Blink (Chrono Boost)  
  46  4:33  Probe x2  
  49  4:45  Probe  
  49  4:47  Stalker x2  
  49  4:53  Probe  
  49  4:57  Probe  
  51  5:05  Probe  
  52  5:09  Probe  
  52  5:11  Stalker x2  
  57  5:18  Probe  
  56  5:21  Shield Battery  
  56  5:24  Photon Cannon  
  54  5:37  Stalker x2  
  53  5:48  Shield Battery  
  51  5:54  Probe  
  51  6:02  Gateway  
  50  6:06  Gateway  
  50  6:08  Stalker  
  50  6:09  Stalker  
  50  6:10  Probe  
  40  6:29  Pylon  
  38  6:34  Stalker x2  
  38  6:38  Pylon  
Show
View Real Time Build Order
Export as new Build Order

PiLiPiLi Protoss - Winner!

Build Orders: Blink Stalkers 

Get SALT Encoding   

  12  0:01  Probe  
  13  0:13  Probe  
  14  0:17  Pylon  
  14  0:25  Probe (Chrono Boost)  
  15  0:37  Gateway, Probe (Chrono Boost)  
  16  0:45  Probe (Chrono Boost)  
  16  0:46  Assimilator  
  17  0:51  Probe  
  17  0:54  Assimilator  
  18  1:04  Probe  
  19  1:09  Gateway  
  19  1:16  Probe  
  20  1:24  Cybernetics Core  
  20  1:28  Probe  
  20  1:31  Pylon  
  21  1:40  Probe  
  22  1:52  Probe  
  23  1:59  Warp Gate (Chrono Boost)  
  23  2:00  Stalker x2  
  27  2:07  Probe  
  28  2:23  Probe  
  28  2:28  Pylon  
  29  2:32  Stalker  
  31  2:42  Twilight Council  
  31  2:58  Nexus  
  31  3:11  Probe  
  32  3:13  Blink (Chrono Boost)  
  32  3:18  Gateway  
  31  3:31  Shield Battery  
  29  3:41  Stalker  
  29  3:43  Stalker  
  33  4:00  Pylon  
  33  4:05  Stalker  
  33  4:06  Stalker  
  37  4:25  Gateway  
  37  4:29  Stalker x2  
  41  4:35  Stalker  
  43  4:56  Stalker x2  
  43  4:59  Stalker  
  49  5:04  Probe  
  50  5:20  Stalker x3  
  52  5:44  Stalker x3  
  56  5:59  Stalker, Probe x2  
  46  6:27  Stalker, Probe x2  
  46  6:28  Stalker x3  

Tags
 
Add a new tag
Caveats
  • Supply blocks, unpowered buildings, or Contaminate may cause inaccurate times.
  • Supply counts are checked every 10 seconds.